 Dungeon Crawl Stone Soup version 0.17.0-28-g6e173f8 (webtiles) character file.

47151 Solomon123 the Fighter (level 14, -5/94 HPs)
             Began as a Gargoyle Fighter on Nov 26, 2015.
             Was the Champion of Okawaru.
             Killed from afar by a gargoyle (24 damage)
             ... with a stone arrow
             ... on level 15 of the Dungeon.
             The game lasted 00:56:48 (14878 turns).

Solomon123 the Fighter (Gargoyle Fighter)          Turns: 14878, Time: 00:56:48

Health: -5/94      AC: 33    Str: 24    XL:     14   Next: 40%
Magic:  0/19       EV: 11    Int:  9    God:    Okawaru [******]
Gold:   924        SH: 14    Dex:  5    Spells: 0 memorised, 13 levels left

rFire  + + .     SeeInvis .     k - +4 flail (crush)
rCold  + + .     Clarity  .     J - +6 scale mail "Qaihuw Gomm" {rF+ rC++ MR- Dex-5}
rNeg   + + .     SustAt   .     c - +0 shield
rPois  ∞         Gourm    .     j - +0 helmet
rElec  +         Spirit   +     l - +2 cloak
rCorr  .         Warding  .     t - +0 pair of gloves
rMut   .         Stasis   .     f - +1 pair of boots
MR     .....                    W - amulet of guardian spirit
Stlth  +.........               y - ring of protection from fire
                                r - ring of positive energy

@: heroism, flying, not resistant to hostile enchantments, very unstealthy
A: big wings, deformed body, negative energy resistance 1, electricity
resistance, unbreathing, petrification resistance, rot immunity, AC +9
a: Stop Flying, Heroism, Finesse, Renounce Religion


You were on level 15 of the Dungeon.
You worshipped Okawaru.
Okawaru was exalted by your worship.
You were very hungry.

You visited 1 branch of the dungeon, and saw 15 of its levels.

You collected 1155 gold pieces.
You spent 231 gold pieces at shops.

Inventory:

Hand Weapons
 k - a +4 flail of crushing (weapon)
 n - a +0 morningstar of crushing
 S - a +1 vampiric demon whip
Armour
 c - a +0 shield (worn)
 f - a +1 pair of boots (worn)
 j - a +0 helmet (worn)
 l - a +2 cloak (worn)
 t - a +0 pair of gloves (worn)
 J - the +6 scale mail "Qaihuw Gomm" (worn) {rF+ rC++ MR- Dex-5}
   (You took it off an orc on level 8 of the Dungeon)

   It affects your dexterity (-5).
   It protects you from fire.
   It greatly protects you from cold.
   It affects your resistance to hostile enchantments.
Rods
 U - a +6 rod of shadows (17/17)
   (You took it off an orc wizard on level 11 of the Dungeon)
Jewellery
 r - a ring of positive energy (left hand)
 y - a ring of protection from fire (right hand)
 I - an uncursed ring of protection from fire
 L - an uncursed ring of positive energy
 W - an amulet of guardian spirit (around neck)
Wands
 a - a wand of digging (8)
 p - a wand of draining (12)
 B - a wand of paralysis (21)
 E - a wand of disintegration (17)
 K - a wand of heal wounds (2)
 Q - a wand of teleportation (5)
 X - a wand of invisibility (2)
Scrolls
 b - 6 scrolls of identify
 g - 6 scrolls of teleportation
 m - a scroll of amnesia
 o - 4 scrolls of remove curse
 F - 3 scrolls of fear
 P - a scroll of magic mapping
 V - a scroll of fog
Potions
 d - 2 potions of might
 i - 2 potions of curing
 q - a potion of lignification
 s - a potion of berserk rage
 v - 4 potions of brilliance
 w - 2 potions of invisibility
 x - 2 potions of agility
 A - 2 potions of flight
 G - 2 potions of ambrosia
 H - 2 potions of haste
 O - a potion of resistance
 R - a potion of cure mutation
Comestibles
 e - 10 bread rations
 h - 12 fruits
 u - 6 meat rations
 z - 3 slices of pizza
 D - a beef jerky
 T - 2 royal jellies


   Skills:
 * Level 13.3(18.3) Fighting
 + Level 11.0(16.0) Maces & Flails
 * Level 12.5(17.5) Armour
 + Level 13.2(18.2) Shields
 - Level 7.0 Invocations
 - Level 6.1 Evocations


You had 13 spell levels left.
You didn't know any spells.

Dungeon Overview and Level Annotations

Branches:
Dungeon (15/15)            Temple (0/1) D:6            Lair (0/8) D:8
    Orc (0/4) D:10         Vaults (0/5) D:14
 Depths: D:15

Altars:
Cheibriados
Dithmenos
Fedhas
Gozag
Kikubaaqudgha
Nemelex Xobeh
Okawaru
Ru
Sif Muna
Vehumet
Zin
Beogh

Shops:
D:5 !   D:6 }


Innate Abilities, Weirdness & Mutations

You are resistant to torment.
Your stone body is resilient (AC +9).
You are immune to poison.
Your large and strong wings let you fly indefinitely.
You resist negative energy.
You are resistant to electric shocks.
You can survive without breathing.
You are immune to petrification.
You are immune to rotting.
Armour fits poorly on your strangely shaped body.


Message History

The freezing wraith hits you but does no damage. x2
There is an open door, spattered with blood here.
Items here: ( ) †† a runed shortbow; 17 arrows; an ugly thing corpse; an ugly thing corpse You hit the freezing wraith.
The freezing wraith is lightly damaged.
You hit the freezing wraith but do no damage.
The freezing wraith is lightly damaged.
You block the freezing wraith's attack. x2
You sock the freezing wraith!
The freezing wraith is heavily damaged.
The freezing wraith barely misses you. x2
You bludgeon the freezing wraith!!
You destroy the freezing wraith!
Okawaru accepts your kill.
The gargoyle hurls a stone arrow at you.
The stone arrow misses you.
The gargoyle hurls a stone arrow at you.
The stone arrow hits you!
You die...

..... .... # #... ..
##'#... #######..
....... #........
...$...#######........
.......#.....#.)......
#.....)(.9@.).).....#
#######.(...#.......#
#.(...#........
#.....#####+###
#.....#...#..
#.....#.#.#<# #
#####.......#####.#
#.#.........#.##
#.###..........


You could see a gargoyle.

Vanquished Creatures
  Rupert (D:13)
  Louise (D:15)
  8 vault guards (D:14)
  The ghost of DasRunzen the Grappler, a journeyman TrMo of Xom (D:11)
  Josephine (D:15)
  A hydra (D:13)
  Harold (D:11)
  A centaur warrior (D:15)
  A catoblepas (D:14)
  2 tengu warriors (D:14)
  Sonja (D:13)
  4 skeletal warriors (D:14)
  An unseen horror (D:12)
  5 hill giants
  A wizard (D:14)
  A wolf spider zombie (D:14)
  7 ugly things
  A cyclops (D:15)
  The ghost of Clownie the Destroyer, a novice FeCj of Sif Muna (D:11)
  Maurice (D:13)
  3 gargoyles
  A kobold demonologist (D:12)
  A tengu conjurer (D:14)
  A freezing wraith (D:15)
  3 two-headed ogres
  6 slime creatures (D:14)
  Prince Ribbit (D:7)
  6 trolls
  A spriggan (D:8)
  A wyvern (D:13)
  Sigmund (D:5)
  15 vampire mosquitoes
  5 wraiths
  4 deep elf magi
  2 hippogriffs
  Grum (D:9)
  2 wolves (D:9)
  5 hungry ghosts
  3 steam dragons
  25 yaks
  A mottled dragon (D:12)
  Menkaure (D:4)
  Edmund (D:4)
  3 water moccasins
  Duvessa (D:5)
  2 ice beasts
  9 orc warriors
  5 phantoms
  3 sky beasts
  A black bear (D:12)
  A wasp (D:10)
  5 ogres
  3 crocodiles
  13 centaurs
  Blork the orc (D:5)
  14 giant frogs
  5 scorpions
  Dowan (D:5)
  3 killer bees (D:11)
  5 wights (D:14)
  An electric eel (D:8)
  A centaur zombie (D:6)
  2 giant frog zombies
  5 crimson imps
  6 two-headed ogre zombies (D:11)
  7 centaur skeletons
  2 giant frog skeletons
  6 orc priests
  6 hounds
  Crazy Yiuf (D:4)
  6 jellies
  An iguana (D:13)
  11 orc wizards
  11 worker ants
  2 sheep (D:15)
  A killer bee zombie (D:8)
  A hound zombie (D:11)
  A hound skeleton (D:9)
  9 gnolls
  13 adders
  5 shadow imps
  An ooze (D:5)
  2 adder skeletons
  4 worms
  2 giant geckos
  42 orcs
  5 giant cockroaches
  3 goblins
  3 hobgoblins
  25 jackals
  6 quokkas
  5 bats
  A giant gecko skeleton (D:4)
  2 giant gecko zombies
  6 giant newts
  A jackal zombie (D:5)
  6 kobolds
  A quokka skeleton (D:5)
  3 rats
  A fungus (D:4)
423 creatures vanquished.

Notes
Turn   | Place    | Note
--------------------------------------------------------------
     0 | D:1      | Solomon123 the Gargoyle Fighter began the quest for the Orb.
     0 | D:1      | Reached XP level 1. HP: 14/14 MP: 1/1
   206 | D:1      | Reached XP level 2. HP: 19/19 MP: 2/2
   713 | D:2      | Reached XP level 3. HP: 23/23 MP: 3/3
   767 | D:2      | Found a shadowy altar of Dithmenos.
   901 | D:2      | Reached skill level 4 in Armour
  1007 | D:2      | Found a sparkling altar of Nemelex Xobeh.
  1238 | D:3      | Found an opulent altar of Gozag.
  1261 | D:3      | Reached XP level 4. HP: 29/29 MP: 4/4
  1461 | D:3      | Found a glowing silver altar of Zin.
  1483 | D:3      | You fall through a shaft for 3 floors!
  1536 | D:6      | Noticed a giant frog
  1551 | D:6      | Killed a giant frog
  1551 | D:6      | Reached XP level 5. HP: 26/33 MP: 5/5
  1562 | D:5      | Entered Level 5 of the Dungeon
  1563 | D:5      | Noticed Sigmund
  1565 | D:5      | Noticed an ogre
  1570 | D:5      | Noticed a centaur
  1570 | D:5      | Noticed Dowan
  1601 | D:5      | HP: 1/34 [Dowan/puff of frost (4)]
  1615 | D:5      | Killed an ogre
  1615 | D:5      | Reached skill level 5 in Armour
  1615 | D:5      | Reached XP level 6. HP: 16/39 MP: 6/6
  1654 | D:5      | Killed Sigmund
  1654 | D:5      | Reached skill level 5 in Shields
  1665 | D:5      | Noticed a centaur
  1666 | D:5      | Reached XP level 7. HP: 12/44 MP: 7/7
  1678 | D:5      | Killed a centaur
  1678 | D:5      | Reached skill level 5 in Fighting
  1687 | D:5      | Killed a centaur
  1687 | D:5      | Reached skill level 6 in Armour
  1708 | D:5      | Killed Dowan
  1876 | D:5      | Noticed Duvessa
  1900 | D:5      | Killed Duvessa
  1997 | D:4      | Noticed Menkaure
  2014 | D:4      | Killed Menkaure
  2014 | D:4      | Reached XP level 8. HP: 31/51 MP: 8/8
  2330 | D:4      | Noticed Edmund
  2348 | D:4      | Killed Edmund
  2832 | D:4      | Noticed Crazy Yiuf
  2838 | D:4      | Killed Crazy Yiuf
  2889 | D:5      | Reached skill level 7 in Shields
  3138 | D:5      | Found Quus's Distillery.
  3144 | D:5      | Noticed Blork the orc
  3152 | D:5      | Killed Blork the orc
  3152 | D:5      | Reached skill level 5 in Maces & Flails
  3163 | D:5      | Bought a potion of heal wounds for 55 gold pieces
  3163 | D:5      | Bought a potion of might for 44 gold pieces
  3163 | D:5      | Bought a potion of berserk rage for 55 gold pieces
  3163 | D:5      | Bought a potion of might for 44 gold pieces
  3163 | D:5      | Bought a potion of flight for 33 gold pieces
  3285 | D:5      | Found an iron altar of Okawaru.
  3330 | D:5      | Became a worshipper of Warmaster Okawaru
  3409 | D:5      | Noticed a steam dragon
  3411 | D:5      | Noticed a steam dragon
  3424 | D:5      | Killed a steam dragon
  3424 | D:5      | Reached XP level 9. HP: 43/56 MP: 9/9
  3428 | D:5      | Killed a steam dragon
  3479 | D:5      | Noticed a phantom
  3503 | D:5      | Killed a phantom
  4259 | D:6      | Found a staircase to the Ecumenical Temple.
  4562 | D:6      | Found Nehiudor's Gadget Shoppe.
  4650 | D:7      | Reached skill level 8 in Shields
  4818 | D:7      | Reached * piety under Okawaru
  5039 | D:7      | Found a sacrificial altar of Ru.
  5171 | D:7      | Noticed Prince Ribbit
  5413 | D:7      | Killed Prince Ribbit
  5518 | D:7      | Noticed a hill giant
  5528 | D:7      | Killed a hill giant
  5528 | D:7      | Reached ** piety under Okawaru
  5528 | D:7      | Reached skill level 1 in Invocations
  5528 | D:7      | Reached skill level 1 in Evocations
  5528 | D:7      | Reached XP level 10. HP: 59/64 MP: 10/10
  5828 | D:8      | Reached skill level 9 in Armour
  6214 | D:8      | Found a staircase to the Lair.
  6311 | D:8      | Got a distressingly furry scale mail
  6325 | D:8      | Identified the +6 scale mail "Qaihuw Gomm" {rF+ rC++ MR- Dex-5} (You took it off an orc on level 8 of the Dungeon)
  6604 | D:8      | Found a sparkling altar of Nemelex Xobeh.
  6808 | D:8      | Found an ancient bone altar of Kikubaaqudgha.
  6810 | D:8      | Found a radiant altar of Vehumet.
  6810 | D:8      | Found a deep blue altar of Sif Muna.
  6815 | D:8      | Identified Kikubaaqudgha's Reference Book on Necromancy
  6822 | D:8      | Identified Sif Muna's Reference Book on Talismans
  6831 | D:8      | Identified Vehumet's Volume of Attacks
  7039 | D:9      | Noticed Grum
  7049 | D:9      | Killed Grum
  7135 | D:9      | Got a faintly humming scale mail
  7155 | D:9      | Identified the cursed +1 scale mail of Xom {+Fly rElec rPois SInv} (You found it on level 9 of the Dungeon)
  7267 | D:9      | Reached *** piety under Okawaru
  7315 | D:9      | Found a snail-covered altar of Cheibriados.
  7695 | D:10     | Entered Level 10 of the Dungeon
  7700 | D:10     | Reached **** piety under Okawaru
  7700 | D:10     | Reached XP level 11. HP: 65/71 MP: 13/13
  7936 | D:10     | Found a staircase to the Orcish Mines.
  8073 | D:10     | Found a roughly hewn altar of Beogh.
  8107 | D:10     | Reached skill level 10 in Armour
  8384 | D:10     | Reached skill level 10 in Shields
  8766 | D:11     | Noticed Harold
  8789 | D:11     | Killed Harold
  8789 | D:11     | Reached ***** piety under Okawaru
  8930 | D:11     | Noticed DasRunzen's ghost (journeyman TrMo)
  8965 | D:11     | Killed DasRunzen's ghost
  9014 | D:11     | Noticed a hill giant
  9068 | D:11     | Received a gift from Okawaru
  9083 | D:11     | Reached skill level 10 in Fighting
  9220 | D:11     | Identified a -2 rod of shadows (4/14) (You took it off an orc wizard on level 11 of the Dungeon)
  9253 | D:11     | Killed a hill giant
  9253 | D:11     | Reached skill level 5 in Invocations
  9396 | D:11     | Reached XP level 12. HP: 51/77 MP: 15/15
  9764 | D:11     | Noticed Clownie's ghost (novice FeCj)
  9777 | D:11     | Killed Clownie's ghost
  9840 | D:12     | Received a gift from Okawaru
 10043 | D:12     | Reached skill level 5 in Evocations
 10100 | D:12     | Reached skill level 11 in Shields
 11772 | D:13     | Noticed Rupert
 11774 | D:13     | Paralysed by Rupert for 6 turns
 11815 | D:13     | Paralysed by Rupert for 7 turns
 11827 | D:13     | Killed Rupert
 11827 | D:13     | Received a gift from Okawaru
 12093 | D:13     | Noticed a five-headed hydra
 12103 | D:13     | Killed a five-headed hydra
 12118 | D:13     | Noticed Sonja
 12125 | D:13     | Killed Sonja
 12125 | D:13     | Reached XP level 13. HP: 74/84 MP: 17/17
 12320 | D:13     | Noticed Maurice
 12370 | D:13     | Killed Maurice
 12709 | D:14     | Received a gift from Okawaru
 12710 | D:14     | Got a shimmering plate armour {god gift}
 12729 | D:14     | Identified the +5 plate armour "Oggo Fikloi" {Int+4} (Okawaru gifted it to you on level 14 of the Dungeon)
 12912 | D:14     | Reached skill level 12 in Fighting
 13224 | D:14     | Found a blossoming altar of Fedhas.
 13572 | D:14     | Reached skill level 10 in Maces & Flails
 13722 | D:14     | Noticed a vault guard
 13722 | D:14     | Noticed a vault guard
 13723 | D:14     | Noticed a vault guard
 13723 | D:14     | Found a gate to the Vaults.
 13723 | D:14     | Noticed a vault guard
 13723 | D:14     | Noticed a vault guard
 13723 | D:14     | Noticed a vault guard
 13724 | D:14     | Noticed a vault guard
 13725 | D:14     | Noticed a vault guard
 13736 | D:14     | Killed a vault guard
 13750 | D:14     | Killed a vault guard
 13761 | D:14     | Killed a vault guard
 13764 | D:14     | Killed a vault guard
 13771 | D:14     | Killed a vault guard
 13779 | D:14     | Killed a vault guard
 13784 | D:14     | Killed a vault guard
 13790 | D:14     | Killed a vault guard
 13790 | D:14     | Reached ****** piety under Okawaru
 13790 | D:14     | Received a gift from Okawaru
 13790 | D:14     | Gained mutation: Your large and strong wings let you fly indefinitely. [Gargoyle growth]
 13790 | D:14     | Reached XP level 14. HP: 75/92 MP: 13/19
 13791 | D:14     | Got a pitted long sword {god gift}
 13812 | D:14     | Identified the +2 long sword of the Blind Eye {slice, *Contam rC++ Int+2 SInv} (Okawaru gifted it to you on level 14 of the Dungeon)
 13884 | D:14     | Gained mutation: Armour fits poorly on your strangely shaped body. [mutagenic glow]
 14577 | D:15     | Entered Level 15 of the Dungeon
 14617 | D:15     | Reached skill level 13 in Fighting
 14739 | D:15     | Noticed Josephine
 14753 | D:15     | Killed Josephine
 14759 | D:15     | Noticed Louise
 14820 | D:15     | Killed Louise
 14878 | D:15     | Killed from afar by a gargoyle

Action                   |  1- 3 |  4- 6 |  7- 9 | 10-12 | 13-15 || total
-------------------------+-------+-------+-------+-------+-------++-------
Melee: Flail             |   123 |   129 |   493 |   931 |   704 ||  2380
       Demon whip        |       |       |       |    17 |       ||    17
       Unarmed           |       |       |       |     2 |       ||     2
       Rod               |       |       |       |     1 |       ||     1
Invok: Heroism           |       |       |       |     4 |     3 ||     7
       Finesse           |       |       |       |       |     1 ||     1
 Abil: Fly               |       |       |       |       |     1 ||     1
Evoke: Rod               |       |       |       |     2 |     3 ||     5
  Use: Scroll            |     4 |       |    17 |    15 |     1 ||    37
       Potion            |       |     2 |     2 |     5 |     9 ||    18
 Stab: Petrified         |       |       |       |       |     1 ||     1
       Distracted        |       |       |       |       |     1 ||     1
  Eat: Bread ration      |       |     1 |     1 |     3 |       ||     5
       Chunk             |       |       |    17 |    21 |    11 ||    49
       Meat ration       |       |       |     1 |       |       ||     1
